Map: Deathaura LE

Players

Trap

  • Race: Protoss Protoss
  • Spawn Location: 5:00

Astrea - Winner!

  • Race: Protoss Protoss
  • Spawn Location: 11:00

Event: IEM Katowice 2021

VOD

Have the link to the VOD?

Description

Time

  • Played on: Feb. 24, 2021, 12:15 p.m.
  • Length: 8:55

All games in this series

Show
View Real Time Build Order
Export as new Build Order

Trap Protoss 

Build Orders:  

Get SALT Encoding   

  12  0:00  Probe  
  13  0:12  Probe  
  14  0:18  Pylon  
  14  0:24  Probe (Chrono Boost)  
  15  0:36  Probe (Chrono Boost)  
  15  0:38  Gateway  
  16  0:44  Probe (Chrono Boost)  
  17  0:50  Assimilator  
  17  0:51  Probe  
  18  0:57  Assimilator  
  18  1:03  Probe (Chrono Boost)  
  19  1:12  Gateway  
  19  1:15  Probe (Chrono Boost)  
  20  1:20  Probe  
  21  1:27  Cybernetics Core  
  21  1:32  Probe  
  22  1:37  Pylon  
  22  1:44  Probe  
  23  1:56  Probe  
  24  2:01  Warp Gate (Chrono Boost)  
  24  2:03  Stalker x2  
  28  2:14  Pylon  
  28  2:33  Stalker x2  
  31  2:53  Nexus  
  31  3:03  Sentry x2  
  35  3:05  Probe  
  35  3:12  Shield Battery  
  36  3:19  Pylon  
  36  3:20  Probe  
  37  3:27  Shield Battery  
  37  3:32  Probe  
  38  3:35  Twilight Council  
  38  3:42  Sentry  
  38  3:44  Probe  
  38  3:47  Stalker  
  43  3:52  Shield Battery  
  43  3:56  Probe (Chrono Boost)  
  44  4:05  Forge  
  44  4:08  Probe x2 (Chrono Boost)  
  46  4:15  Blink, Probe (Chrono Boost)  
  46  4:16  Probe (Chrono Boost)  
  48  4:21  Probe  
  48  4:23  Probe  
  50  4:24  Phoenix  
  50  4:33  Adept x2  
  50  4:36  Probe x2 (Chrono Boost)  
  50  4:37  Protoss Ground Weapons Level 1 (Chrono Boost)  
  56  4:48  Pylon, Probe (Chrono Boost)  
  58  4:55  Probe (Chrono Boost)  
  58  4:56  Probe (Chrono Boost)  
  58  4:59  Robotics Facility  
  59  5:01  Probe  
  59  5:03  Probe  
  61  5:07  Assimilator  
  61  5:13  Probe  
  62  5:15  Probe  
  62  5:20  Gateway x2  
  63  5:22  Assimilator  
  63  5:31  Nexus  
  63  5:35  Stalker, Sentry  
  65  5:42  Pylon  
  67  5:43  Warp Prism (Chrono Boost)  
  67  5:49  Probe  
  70  5:59  Pylon  
  70  6:00  Probe  
  70  6:01  Probe  
  72  6:12  Probe  
  72  6:13  Observer  
  72  6:14  Stalker x2  
  72  6:18  Stalker x2  
  82  6:20  Pylon  
  82  6:22  Pylon  
  82  6:25  Probe x2  
  84  6:28  Charge  
  84  6:38  Stalker x2  
  87  6:42  Probe  
  87  6:43  Probe x2  
  87  6:54  Probe  
  87  6:55  Probe x2  
  87  6:59  Assimilator  
  87  7:00  Shield Battery  
  90  7:01  Assimilator  
  90  7:07  Probe x2  
  90  7:08  Probe  
  93  7:10  Gateway  
  93  7:12  Gateway  
  93  7:19  Probe x2  
  93  7:20  Probe  
  96  7:22  Gateway  
  96  7:23  Gateway  
  96  7:30  Pylon  
  96  7:31  Pylon  
  96  7:44  Zealot x4  
  96  7:47  Templar Archives  
  100  7:53  Probe x3  
  100  7:54  Gateway x2  
  100  7:55  Shield Battery  
  103  8:05  Probe  
  96  8:19  Zealot x8  
  94  8:31  Photon Cannon  
  94  8:33  Shield Battery  
  94  8:39  Stalker  
  93  8:47  Stalker x5  
  93  8:48  Stalker x3  
Show
View Real Time Build Order
Export as new Build Order

Astrea Protoss - Winner!

Build Orders: Phoenix Opening 

Get SALT Encoding   

  12  0:00  Probe  
  13  0:12  Probe  
  14  0:17  Pylon  
  14  0:25  Probe (Chrono Boost)  
  15  0:36  Gateway  
  15  0:37  Probe (Chrono Boost)  
  16  0:44  Probe (Chrono Boost)  
  16  0:46  Assimilator  
  17  0:51  Probe  
  17  0:54  Assimilator  
  18  1:03  Probe (Chrono Boost)  
  19  1:11  Gateway  
  19  1:14  Probe (Chrono Boost)  
  20  1:19  Probe (Chrono Boost)  
  20  1:24  Cybernetics Core  
  21  1:29  Probe  
  22  1:38  Pylon  
  22  1:41  Probe  
  23  1:56  Probe  
  23  1:59  Warp Gate (Chrono Boost)  
  24  2:02  Adept x2  
  28  2:08  Probe  
  28  2:11  Pylon  
  29  2:21  Probe  
  30  2:32  Sentry x2  
  34  2:51  Nexus  
  34  2:53  Shield Battery  
  33  2:59  Sentry  
  33  3:00  Stalker  
  37  3:07  Pylon  
  37  3:08  Phoenix  
  37  3:10  Probe (Chrono Boost)  
  38  3:23  Probe (Chrono Boost)  
  39  3:27  Twilight Council  
  39  3:29  Probe (Chrono Boost)  
  40  3:37  Probe  
  41  3:47  Phoenix  
  41  3:49  Probe  
  41  3:51  Stalker x2  
  46  4:04  Probe (Chrono Boost)  
  46  4:05  Probe (Chrono Boost)  
  46  4:07  Blink  
  47  4:15  Probe (Chrono Boost)  
  49  4:17  Probe (Chrono Boost)  
  51  4:25  Probe x2 (Chrono Boost)  
  51  4:30  Probe (Chrono Boost)  
  53  4:32  Probe (Chrono Boost)  
  53  4:39  Probe  
  53  4:42  Pylon  
  53  4:45  Nexus  
  54  4:51  Forge  
  54  4:59  Phoenix  
  54  5:00  Pylon, Probe x2 (Chrono Boost)  
  56  5:11  Robotics Facility  
  56  5:12  Probe (Chrono Boost)  
  58  5:18  Protoss Ground Weapons Level 1 (Chrono Boost), Probe (Chrono Boost)  
  59  5:21  Probe (Chrono Boost)  
  59  5:25  Probe (Chrono Boost)  
  59  5:26  Gateway x2  
  60  5:30  Gateway, Probe  
  60  5:33  Gateway  
  61  5:36  Probe  
  63  5:42  Probe  
  63  5:48  Probe  
  64  5:52  Gateway x2  
  64  5:55  Probe  
  65  5:59  Observer  
  65  6:00  Probe  
  65  6:01  Stalker x2  
  71  6:04  Shield Battery  
  71  6:05  Probe  
  71  6:06  Charge (Chrono Boost)  
  71  6:07  Probe  
  73  6:16  Probe  
  73  6:17  Probe  
  73  6:18  Pylon  
  75  6:25  Stalker x4  
  81  6:30  Observer  
  81  6:32  Stalker  
  85  6:33  Phoenix  
  85  6:34  Pylon  
  85  6:35  Pylon  
  82  6:47  Warp Prism  
  82  6:49  Probe x3  
  85  6:56  Stalker x4  
  93  7:05  Zealot x4  
  101  7:10  Pylon  
  101  7:24  Pylon  
  101  7:28  Zealot x4  
  107  7:41  Probe x3  
  106  7:49  Zealot x5  
  116  7:54  Pylon x2  
  116  7:55  Pylon  
  116  7:59  Nexus  
  116  8:02  Pylon  
  108  8:13  Zealot x7  
  108  8:18  Zealot  
  116  8:38  Zealot x6  
  116  8:39  Zealot x2  
  130  8:49  Pylon  
  130  8:50  Pylon, Templar Archives  

Tags
 
Add a new tag
Caveats
  • Supply blocks, unpowered buildings, or Contaminate may cause inaccurate times.
  • Supply counts are checked every 10 seconds.